 Dungeon Crawl Stone Soup version 0.24.0-13-gcf9b319 (webtiles) character file.

Game seed: 5726600327787347180, levelgen mode: deterministic

115 Gorggeron the Vexing (level 5, -3/40 HPs)
             Began as a Gnoll Arcane Marksman on Jan 17, 2020.
             Was a Follower of Dithmenos.
             Killed by divine providence
             ... invoked by an orc priest
              (13 damage)
             ... on level 3 of the Dungeon.
             The game lasted 00:13:22 (1610 turns).

Gorggeron the Vexing (Gnoll Arcane Marksman)        Turns: 1610, Time: 00:13:22

Health: -3/40      AC:  2    Str: 13    XL:     5   Next: 0%
Magic:  9/9        EV: 15    Int: 15    God:    Dithmenos [*.....]
Gold:   129        SH:  0    Dex: 16    Spells: 9/10 levels left

rFire    . . .     SeeInvis .   t - +0 hand axe
rCold    . . .     Gourm    .   (no shield)
rNeg     . . .     Faith    .   e - +0 robe
rPois    .         Spirit   .   (no helmet)
rElec    .         Reflect  .   (no cloak)
rCorr    .         Harm     .   (no gloves)
MR       .....                  (no boots)
Stlth    ++........             (no amulet)
HPRegen  0.13/turn              (no ring)
MPRegen  0.11/turn              (no ring)

@: lethally poisoned (-3 -> -3), wreathed by umbra
A: distributed training, fangs 1, strong nose
a: Renounce Religion


You were on level 3 of the Dungeon.
You worshipped Dithmenos.
Dithmenos was aware of your devotion.
You were not hungry.

You visited 1 branch of the dungeon, and saw 3 of its levels.

You collected 129 gold pieces.

Inventory:

Hand Weapons
 a - a +0 hand crossbow
 g - a +0 club
 t - a +0 hand axe (weapon)
Missiles
 c - 101 stones (quivered)
 h - 19 arrows
 s - 12 sling bullets
Armour
 e - a +0 robe (worn)
 q - a +0 ring mail
Wands
 p - a wand of flame (23)
Scrolls
 b - a scroll of remove curse {unknown}
 i - 3 scrolls of identify {unknown}
 j - 5 scrolls of teleportation {unknown}
 k - a scroll of random uselessness {unknown}
 l - a scroll of immolation {unknown}
Potions
 m - a potion of flight {unknown}
 n - a potion of curing {unknown}
 o - 2 potions of mutation {unknown}
 u - a potion of might {unknown}
Comestibles
 f - 7 rations
 r - 3 chunks of flesh


   Skills:
 + Level 2.8 Fighting
 + Level 1.2 Short Blades
 + Level 1.2 Long Blades
 + Level 1.2 Axes
 + Level 1.2 Maces & Flails
 + Level 1.2 Polearms
 + Level 1.2 Staves
 + Level 1.2 Slings
 + Level 1.2 Bows
 + Level 4.7 Crossbows
 + Level 1.2 Throwing
 + Level 1.2 Armour
 + Level 4.7 Dodging
 + Level 1.2 Stealth
 + Level 1.2 Shields
 + Level 1.2 Unarmed Combat
 + Level 3.0 Spellcasting
 + Level 1.0 Conjurations
 + Level 5.5 Hexes
 + Level 1.0 Charms
 + Level 1.0 Summonings
 + Level 1.0 Necromancy
 + Level 1.0 Translocations
 + Level 1.0 Transmutations
 + Level 1.0 Fire Magic
 + Level 1.0 Ice Magic
 + Level 1.0 Air Magic
 + Level 1.0 Earth Magic
 + Level 1.0 Poison Magic
 + Level 1.4 Invocations
 + Level 1.2 Evocations


You had 9 spell levels left.
You knew the following spells:

 Your Spells              Type           Power        Failure   Level  Hunger
a - Corona                Hex            ###....      1%          1    #......

Your spell library contained the following spells:

 Spells                   Type           Power        Failure   Level  Hunger
 Slow                     Hex            ###.....     3%          2    ##.....
 Inner Flame              Hex/Fire       ##......     16%         3    ###....
 Portal Projectile        Hex/Tloc       ##....       16%         3    ###....
 Cause Fear               Hex            ###.......   21%         4    #####..
 Leda's Liquefaction      Hex/Erth       ##........   45%         4    #####..


Dungeon Overview and Level Annotations

Branches:
Dungeon (3/15)

Altars:
Cheibriados
Dithmenos
Makhleb
Qazlal
The Shining One

Annotations:
D:2 Sigmund


Innate Abilities, Weirdness & Mutations

Your experience applies equally to all skills.
You have very sharp teeth.
Your uncanny sense of smell can sniff out nearby items.


Message History

The stone hits the orc but does no damage.
You feel sick.
t - a +0 hand axe (weapon)
The orc hits you with a +0 flail.
You hit the orc but do no damage. The orc closely misses you.
You hit the orc.
The orc is lightly wounded.
The orc misses you.
The orc priest mumbles some strange prayers to Beogh against you.
Beogh smites you!
* * * LOW HITPOINT WARNING * * *
You hit the orc but do no damage.
The orc is lightly wounded.
You feel sick. The orc misses you.
You hit the orc.
The orc is heavily wounded.
The orc misses you.
The orc priest calls down the wrath of Beogh upon you.
Beogh smites you!
You die...

.##### #.# .#
#.# .# #.# .#
#.# .# #.# #.#
#.# ### #.#
#.# ≈ #.# #@#
...
#.####o#.....
#.....o......#
######.#......
#.#.....# #(.
....K
(.###.(.# #(#
#### #.#


You could see an orc priest and an orc.

Vanquished Creatures
  An orc priest (D:3)
  3 adders
  2 worms
  2 dart slugs
  4 leopard geckos
  An orc (D:3)
  A giant cockroach (D:1)
  4 goblins
  6 hobgoblins
  3 jackals (D:1)
  5 kobolds
  2 ball pythons (D:2)
  4 bats
  5 frilled lizards
  5 rats
48 creatures vanquished.

Notes
Turn   | Place    | Note
-------+----------+-------------------------------------------
     0 | D:1      | Gorggeron the Gnoll Arcane Marksman began the quest for the
                  | Orb.
     0 | D:1      | Reached XP level 1. HP: 17/17 MP: 4/4
    97 | D:1      | You fall into a shaft and drop 1 floor!
    97 | D:2      | Found a glowing golden altar of the Shining One.
    97 | D:2      | Found a shadowy altar of Dithmenos.
   100 | D:2      | Reached XP level 2. HP: 23/23 MP: 5/5
   102 | D:2      | Found a snail-covered altar of Cheibriados.
   125 | D:2      | Became a worshipper of Dithmenos the Shadowed
   154 | D:2      | Noticed Sigmund
   393 | D:1      | Reached XP level 3. HP: 25/28 MP: 7/7
   434 | D:1      | You fall into a shaft and drop 1 floor!
   525 | D:2      | Reached skill level 1 in Invocations
  1014 | D:2      | Found a burning altar of Makhleb.
  1066 | D:2      | Found a stormy altar of Qazlal.
  1080 | D:2      | Reached skill level 1 in Short Blades
  1080 | D:2      | Reached skill level 1 in Long Blades
  1080 | D:2      | Reached skill level 1 in Axes
  1080 | D:2      | Reached skill level 1 in Maces & Flails
  1080 | D:2      | Reached skill level 1 in Polearms
  1080 | D:2      | Reached skill level 1 in Staves
  1080 | D:2      | Reached skill level 1 in Slings
  1080 | D:2      | Reached skill level 1 in Bows
  1080 | D:2      | Reached skill level 1 in Throwing
  1080 | D:2      | Reached skill level 1 in Armour
  1080 | D:2      | Reached skill level 1 in Stealth
  1080 | D:2      | Reached skill level 1 in Shields
  1080 | D:2      | Reached skill level 1 in Unarmed Combat
  1080 | D:2      | Reached skill level 1 in Evocations
  1080 | D:2      | Reached XP level 4. HP: 34/34 MP: 8/8
  1267 | D:2      | Reached * piety under Dithmenos
  1592 | D:3      | Reached skill level 1 in Conjurations
  1592 | D:3      | Reached skill level 1 in Charms
  1592 | D:3      | Reached skill level 1 in Summonings
  1592 | D:3      | Reached skill level 1 in Necromancy
  1592 | D:3      | Reached skill level 1 in Translocations
  1592 | D:3      | Reached skill level 1 in Transmutations
  1592 | D:3      | Reached skill level 1 in Fire Magic
  1592 | D:3      | Reached skill level 1 in Ice Magic
  1592 | D:3      | Reached skill level 1 in Air Magic
  1592 | D:3      | Reached skill level 1 in Earth Magic
  1592 | D:3      | Reached skill level 1 in Poison Magic
  1601 | D:3      | Reached XP level 5. HP: 29/40 MP: 9/9
  1610 | D:3      | Killed from afar by an orc priest

Levels and vault maps discovered:
D:1:      erik_arrival_blinker_ship, layout_basic, hex_medium,
          minmay_small_reverse_x
D:2:      layout_loops_ring, overflow_temple_1_default,
          overflow_temple_1_default, grunt_temple_overflow_open, uniq_sigmund
D:3:      layout_loops_ring, kennysheep_okawaru_gauntlet, first_ration

Skill      XL: |  1  2  3  4 |
---------------+-------------+-----
Invocations    | 1 |  1.4
Short Blades   | 1 |  1.2
Long Blades    | 1 |  1.2
Axes           | 1 |  1.2
Maces & Flails | 1 |  1.2
Polearms       | 1 |  1.2
Staves         | 1 |  1.2
Slings         | 1 |  1.2
Bows           | 1 |  1.2
Throwing       | 1 |  1.2
Armour         | 1 |  1.2
Stealth        | 1 |  1.2
Shields        | 1 |  1.2
Unarmed Combat | 1 |  1.2
Evocations     | 1 |  1.2
Spellcasting   | 3 |  3.0
Conjurations   | 1 |  1.0
Charms         | 1 |  1.0
Summonings     | 1 |  1.0
Necromancy     | 1 |  1.0
Translocations | 1 |  1.0
Transmutations | 1 |  1.0
Fire Magic     | 1 |  1.0
Ice Magic      | 1 |  1.0
Air Magic      | 1 |  1.0
Earth Magic    | 1 |  1.0
Poison Magic   | 1 |  1.0
Fighting       | |  2.8
Crossbows      | |  4.7
Dodging        | |  4.7
Hexes          | |  5.5

Action                   |  1- 3 |  4- 6 || total
-------------------------+-------+-------++-------
Melee: Unarmed           |     6 |       ||     6
       Hand axe          |       |     4 ||     4
 Fire: Hand crossbow     |    75 |    32 ||   107
Throw: Stone             |     4 |     5 ||     9
  Eat: Chunk             |       |     2 ||     2
Armor: Robe              |     3 |     1 ||     4
Dodge: Dodged            |    25 |    17 ||    42
